 Dungeon Crawl Stone Soup version 0.30-a0-1116-gebefce21f7 (webtiles) character file.

Game seed: 9805769957727248023

18361 jasper the Thaumaturge (level 12, -3/58 HPs)
             Began as a Spriggan Venom Mage on Apr 21, 2023.
             Was a Believer of Vehumet.
             Slain by a vampire (10 damage)
             ... on level 10 of the Dungeon.
             The game lasted 00:32:15 (14200 turns).

jasper the Thaumaturge (Spriggan Venom Mage)       Turns: 14200, Time: 00:32:16

Health: -3/58      AC:  3    Str:  4    XL:     12   Next: 27%
Magic:  6/27       EV: 21    Int: 22    God:    Vehumet [**....]
Gold:   627        SH:  0    Dex: 15    Spells: 9/31 levels left

rFire   + . .      SeeInvis +    i - +1 short sword
rCold   . . .      Faith    .    (no shield)
rNeg    . . .      Spirit   .    C - +1 robe {Will+}
rPois   .          Reflect  .    (helmet restricted)
rElec   .          Rampage  .    (no cloak)
rCorr   .                        (gloves unavailable)
Will    +++..                    (boots unavailable)
Stlth   ++                       (no amulet)
HPRegen 0.29/turn                F - ring of protection from cold
MPRegen 0.20/turn                k - ring of fire

@: very quick
A: very small, no large weapons, unfitting armour, see invisible, speed 3
a: Renounce Religion


You were on level 10 of the Dungeon.
You worshipped Vehumet.
Vehumet was pleased with you.
You visited 2 branches of the dungeon, and saw 11 of its levels.

You collected 627 gold pieces.

Inventory:

Hand Weapons
 d - a +0 dagger
 e - a +0 whip
 f - a +0 spear
 i - a +1 short sword (weapon)
Missiles
 g - 3 throwing nets
Armour
 a - a +0 robe
 C - a +1 robe of willpower (worn)
Jewellery
 h - a ring of willpower
 k - a ring of fire (right hand)
 q - a ring of protection from fire
 A - an amulet of guardian spirit
 F - a ring of protection from cold (left hand)
Wands
 m - a wand of flame (8)
 y - a wand of polymorph (7)
 E - a wand of digging (2)
Scrolls
 l - a scroll of fog
 p - a scroll of summoning
 r - 4 scrolls of teleportation
 x - 2 scrolls of noise
 z - 5 scrolls of vulnerability
 B - 4 scrolls of poison
 D - 3 scrolls of amnesia
 G - 2 scrolls of identify
 J - a scroll of blinking
Potions
 b - a potion of magic
 c - 4 potions of degeneration
 j - 2 potions of brilliance
 n - 4 potions of haste
 o - 2 potions of flight
 s - 6 potions of curing
 t - 3 potions of attraction
 u - 2 potions of ambrosia {unknown}
 v - 2 potions of lignification
 w - 3 potions of resistance
 I - a potion of might
 K - a potion of mutation {unknown}


   Skills:
 + Level 4.6 Fighting
 + Level 8.1 Dodging
 - Level 3.0 Stealth
 - Level 10.0 Spellcasting
 - Level 4.4 Conjurations
 - Level 7.0 Hexes
 - Level 1.3 Transmutations
 * Level 7.6 Fire Magic
 * Level 8.4 Air Magic
 - Level 6.0 Poison Magic


You had 9 spell levels left.
You knew the following spells:

 Your Spells              Type           Power      Damage    Failure   Level
a - Sting                 Tmut/Pois      100%       1d8       1%          1
b - Poisonous Vapours     Pois/Air       84%        N/A       1%          2
c - Mephitic Cloud        Conj/Pois/Air  38%        N/A       1%          3
d - Olgreb's Toxic Radia  Pois           37%        N/A       4%          4
e - Fulminant Prism       Conj/Hex       18%        3d10      6%          4
f - Plasma Beam           Fire/Air       31%        2x1d48    34%         6
g - Blink                 Tloc           22%        N/A       9%          2

Your spell library contained the following spells:

 Spells                   Type           Power      Damage    Failure   Level
 Frozen Ramparts          Ice            22%        1d4       19%         3
 Foxfire                  Conj/Fire      100%       2x1d9     1%          1
 Dazzling Flash           Conj/Hex       72%        N/A       1%          3
 Swiftness                Air            48%        N/A       1%          3
 Ensorcelled Hibernation  Hex/Ice        52%        N/A       2%          2
 Momentum Strike          Conj/Tloc      40%        3d9       3%          2
 Volatile Blastmotes      Fire/Tloc      82%        2d16      3%          3
 Passwall                 Tmut/Erth      10%        N/A       7%          2
 Silence                  Hex/Air        22%        N/A       7%          5
 Hailstorm                Conj/Ice       20%        3d6       8%          3
 Stone Arrow              Conj/Erth      40%        3d9       8%          3
 Lesser Beckoning         Tloc           22%        N/A       9%          2
 Fireball                 Conj/Fire      27%        3d12      14%         5
 Ozocubu's Armour         Ice            11%        N/A       19%         3
 Iskenderun's Mystic Bla  Conj/Tloc      20%        2d6       24%         4
 Iskenderun's Battlesphe  Conj           30%        2d8       28%         5
 Ice Form                 Ice/Tmut       13%        N/A       41%         4
 Animate Armour           Summ/Erth      22%        N/A       52%         4
 Animate Dead             Necr           11%        N/A       52%         4
 Conjure Ball Lightning   Conj/Air       19%        3x3d6     56%         6
 Starburst                Conj/Fire      27%        6d9       61%         6
 Agony                    Necr           11%        N/A       86%         5
 Borgnjor's Vile Clutch   Necr/Erth      5%         N/A       86%         5
 Death Channel            Necr           5%         N/A       100%        6
 Simulacrum               Ice/Necr       5%         N/A       100%        6
 Ozocubu's Refrigeration  Ice            5%         4d8       100%        7
 Lehudib's Crystal Spear  Conj/Erth      10%        10d4      100%        8


Dungeon Overview and Level Annotations

Branches:
Dungeon (10/15)            Temple (1/1) D:7
   Lair: D:8-11         Orc: D:9-12

Altars:
Ashenzari
Cheibriados
Dithmenos
Elyvilon
Fedhas
Gozag
Makhleb
Nemelex Xobeh
Okawaru
Sif Muna
Trog
Vehumet
Xom
Yredelemnul
Zin
The Shining One

Shops:
D:6 =   D:9 [

Annotations:
D:8 4 transporters


Innate Abilities, Weirdness & Mutations

You are very small and have problems with some larger weapons.
You are too small for most types of armour.
You have supernaturally acute eyesight. (SInv)
You cover ground extremely quickly. (Speed+++)


Message History

You regained 2 mp, and now have 5/27 mp.
Aiming: Throw Flame
Press: ? - help, Shift-Dir - straight line, f - vampire
Aim: a vampire (almost destroyed, slightly transparent, 68% to hit)
The puff of flame hits the vampire but does no damage.
The vampire is almost destroyed.
Aiming: Throw Flame
Press: ? - help, Shift-Dir - straight line, f/p - vampire
Aim: a vampire (almost destroyed, slightly transparent, 68% to hit)
The puff of flame hits the vampire but does no damage.
The vampire is almost destroyed.
The vampire closely misses you. x2
Aiming: Throw Flame
Press: ? - help, Shift-Dir - straight line, f/p - vampire
Aim: a vampire (almost destroyed, slightly transparent, 68% to hit)
The puff of flame misses the vampire.
The vampire hits you! The vampire misses you.
A wight comes into view. It is wielding a +0 halberd.
You take 8 damage, and have 25/58 hp.
Aiming: Throw Flame
Press: ? - help, Shift-Dir - straight line, f/p - vampire
Aim: a vampire (almost destroyed, slightly transparent, 68% to hit)
The puff of flame hits the vampire.
The vampire is almost destroyed.
The vampire draws life force from you!
* * * LOW HITPOINT WARNING * * *
The vampire is healed by the life force!
You take 14 damage, and have 11/58 hp.
MASSIVE DAMAGE!!
Aiming: Throw Flame
Press: ? - help, Shift-Dir - straight line, f/p - vampire
Aim: a vampire (severely damaged, slightly transparent, 68% to hit)
The puff of flame hits the vampire but does no damage.
The vampire is severely damaged.
The vampire hits you.
* * * LOW HITPOINT WARNING * * *
The vampire closely misses you.
You take 4 damage, and have 7/58 hp.
Okay, then.
The vampire barely misses you. The vampire bites you!
You die...

##>.#.....##.#
#.##.....##.#
#.##.....##z#
###'##.z. #.#
........#####.#######
..............V.....#
..............#####.#
.......V###########.#
........@....)......#
........#############
#########


You could see a vampire (invisible) and a wight.

Vanquished Creatures
  A deep elf pyromancer (D:7)
  An ugly thing (D:6)
  Maurice (D:8)
  A gargoyle (D:10)
  An unseen horror (D:7)
  A troll (D:6)
  A slime creature (D:7)
  A wraith (D:9)
  3 wyverns
  12 yaks
  Eustachio (D:6)
  4 vampire mosquitoes (D:10)
  Menkaure (D:7)
  An acid dragon (D:10)
  2 water moccasins
  2 sky beasts (D:7)
  3 ice beasts
  2 black bears
  4 ogres
  6 orc warriors
  4 centaurs
  2 phantoms (D:6)
  3 kobold brigands
  7 bullfrogs
  5 scorpions
  4 gnoll sergeants
  12 wights
  9 killer bees
  3 howler monkeys (D:10)
  8 hounds
  2 jellies
  3 orc priests
  2 iguanas
  8 orc wizards
  6 adders
  14 gnolls
  A shadow imp (D:7)
  2 white imps
  2 ufetubi
  2 worms
  2 dart slugs
  48 orcs
  8 endoplasms
  A giant cockroach (D:3)
  7 goblins
  7 hobgoblins
  9 jackals
  23 kobolds
  5 quokkas
  8 ball pythons
  2 bats (D:2)
  6 frilled lizards
  8 rats
282 creatures vanquished.

Vanquished Creatures (others)
  51 fulminant prisms
51 creatures vanquished.

Grand Total: 333 creatures vanquished

Notes
Turn   | Place    | Note
-------+----------+-------------------------------------------
     0 | D:1      | jasper the Spriggan Venom Mage began the quest for the Orb.
     0 | D:1      | Reached XP level 1. HP: 9/9 MP: 5/5
   215 | D:1      | Reached XP level 2. HP: 13/13 MP: 3/6
   807 | D:1      | Learned a level 2 spell: Poisonous Vapours
   978 | D:1      | Reached XP level 3. HP: 16/16 MP: 5/8
   982 | D:1      | Learned a level 3 spell: Mephitic Cloud
  2141 | D:2      | Reached XP level 4. HP: 21/21 MP: 2/9
  2583 | D:3      | Found a faded altar of an unknown god.
  2635 | D:3      | Reached skill level 5 in Poison Magic
  3250 | D:3      | Got Kimmeoff's Omnibus of Kinetic Energy
  3884 | D:4      | Reached XP level 5. HP: 22/24 MP: 3/10
  4101 | D:4      | Reached skill level 3 in Spellcasting
  4121 | D:4      | Learned a level 4 spell: Olgreb's Toxic Radiance
  4343 | D:4      | Reached skill level 4 in Spellcasting
  4376 | D:4      | Reached XP level 6. HP: 24/28 MP: 0/14
  4585 | D:4      | Reached skill level 5 in Spellcasting
  5112 | D:4      | Identified the +0 leather armour "Adaipniz" {Str+3 Stlth+}
  5384 | D:5      | Entered Level 5 of the Dungeon
  5402 | D:5      | Reached skill level 6 in Spellcasting
  5558 | D:5      | Reached XP level 7. HP: 32/32 MP: 9/18
  5642 | D:5      | Learned a level 4 spell: Fulminant Prism
  5685 | D:5      | Reached skill level 7 in Spellcasting
  5776 | D:5      | Found a bloodstained altar of Trog.
  5915 | D:5      | Reached skill level 8 in Spellcasting
  5922 | D:5      | Learned a level 6 spell: Plasma Beam
  5987 | D:5      | Found an opulent altar of Gozag.
  6114 | D:5      | Found an iron altar of Okawaru.
  6134 | D:5      | Reached skill level 1 in Hexes
  6217 | D:5      | Reached skill level 1 in Conjurations
  6723 | D:6      | Reached XP level 8. HP: 33/36 MP: 6/21
  7184 | D:6      | Reached skill level 5 in Hexes
  7322 | D:6      | Found a sparkling altar of Nemelex Xobeh.
  7998 | D:6      | Reached XP level 9. HP: 39/39 MP: 0/22
  8035 | D:6      | Noticed a troll
  8050 | D:6      | Noticed Eustachio
  8225 | D:6      | Found Nemmoav's Jewellery Shoppe.
  8444 | D:6      | Reached skill level 1 in Fighting
  8581 | D:6      | Killed Eustachio
  8758 | D:6      | Reached skill level 9 in Spellcasting
  8768 | D:6      | Killed a troll
  8876 | D:6      | Noticed a green ugly thing
  8958 | D:6      | Killed a green ugly thing
  9184 | D:7      | Reached skill level 5 in Dodging
  9195 | D:7      | Reached skill level 10 in Spellcasting
  9195 | D:7      | Reached skill level 1 in Air Magic
  9214 | D:7      | Noticed a deep elf pyromancer
  9219 | D:7      | Reached skill level 1 in Fire Magic
  9268 | D:7      | Killed a deep elf pyromancer
  9284 | D:7      | Noticed Menkaure
  9300 | D:7      | Killed Menkaure
  9301 | D:7      | Reached XP level 10. HP: 18/48 MP: 4/25
 10087 | D:7      | Found a staircase to the Ecumenical Temple.
 10113 | D:7      | Found a white marble altar of Elyvilon.
 10134 | Temple   | Entered the Ecumenical Temple
 10160 | Temple   | Became a worshipper of Vehumet
 10439 | D:7      | Found a glowing golden altar of the Shining One.
 10811 | D:8      | Found a transporter.
 10850 | D:8      | Noticed Maurice
 10874 | D:8      | Killed Maurice
 10954 | D:8      | Found a transporter.
 11536 | D:8      | Reached * piety under Vehumet
 11536 | D:8      | Offered knowledge of Sandblast by Vehumet.
 11829 | D:8      | Reached skill level 5 in Air Magic
 12164 | D:8      | Found a transporter.
 12180 | D:8      | Found a transporter.
 12366 | D:8      | Reached XP level 11. HP: 53/53 MP: 26/26
 12405 | D:9      | Reached XP level 12. HP: 38/58 MP: 16/27
 12408 | D:9      | Learned a level 2 spell: Blink
 12598 | D:9      | Identified the +0 leather armour of the Fiddle {rF+ Int+3}
 12680 | D:9      | Found Wuqueps's Antique Armour Boutique.
 13592 | D:10     | Entered Level 10 of the Dungeon
 13641 | D:10     | Reached ** piety under Vehumet
 13641 | D:10     | Offered knowledge of Static Discharge by Vehumet.
 13747 | D:10     | HP: 2/58 [something (21)]
 14112 | D:10     | Offered knowledge of Frozen Ramparts by Vehumet.
 14200 | D:10     | Slain by a vampire

Illustrated notes

Levels and vault maps discovered:
D:1:      lightli_arrival_maybe_door_vault, layout_basic,
          minmay_misc_feat_roman, dk_noncrumbling_4, minmay_misc_feat_tower
D:2:      layout_loops_corners
D:3:      layout_loops_corners, basic_ecumenical_altar, minmay_misc_feat_x,
          roderic_nine_men_s_morris, hangedman_decor_clover_reticule,
          minmay_fractal_squares_gapless_5
D:4:      nicolae_cairo_tiling_very_big, layout_loops_ring
D:5:      layout_loops_cross, mainiacjoe_overflow_alcove_4,
          hangedman_feature_mirror
D:6:      layout_loops_ring, mainiacjoe_overflow_paths, serial_shops,
          nicolae_shop_peninsula, minmay_divided_ellipse, uniq_eustachio
D:7:      cheibrodos_fzero, layout_rooms, grunt_temple_overflow_open,
          minmay_temple_entry_poolview, hangedman_decor_growths, uniq_menkaure
D:8:      layout_basic, nicolae_diode_intersection, uniq_maurice
D:9:      layout_long_grid, serial_shops, shop, minmay_misc_feat_tiny,
          kennysheep_small_spiral
D:10:     layout_basic, hiddenorc1_lemuel
Temple:   nicolae_temple_two_arcs

Skill      XL: |  1  2  3  4  5  6  7  8  9 10 11 12 |
---------------+-------------------------------------+-----
Poison Magic   | 4 5 6 |  6.0
Spellcasting   | 4 6 8 10 | 10.0
Hexes          | 3 6 7 |  7.0
Conjurations   | 1 4 |  4.4
Dodging        | 5 7 8 |  8.1
Fighting       | 2 4 |  4.6
Air Magic      | 2 7 8 |  8.4
Fire Magic     | 2 7 |  7.6
Stealth        | |  3.0
Transmutations | |  1.3

Action                     |  1- 3 |  4- 6 |  7- 9 | 10-12 || total
---------------------------+-------+-------+-------+-------++-------
  Melee: Whip              |     4 |     3 |       |       ||     7
         Short sword       |       |    22 |    55 |    51 ||   128
         Punch             |       |       |       |     1 ||     1
   Cast: Sting             |   101 |    85 |    47 |    28 ||   261
         Poisonous Vapours |       |    29 |    51 |    36 ||   116
         Olgreb's Toxic Ra |       |       |    18 |    51 ||    69
         Fulminant Prism   |       |       |    19 |    32 ||    51
         Mephitic Cloud    |       |       |     4 |     5 ||     9
         Blink             |       |       |       |     1 ||     1
  Evoke: Wand              |       |       |     6 |    24 ||    30
    Use: Scroll            |       |    14 |     3 |     5 ||    22
         Potion            |       |       |     3 |     3 ||     6
   Stab: Invisible         |       |       |     2 |       ||     2
 Armour: Robe              |     1 |     3 |    11 |     6 ||    21
  Dodge: Dodged            |    24 |    40 |   111 |   148 ||   323

Table legend: (Time is in decaauts)
 A = Elapsed time spent in this place.
 B = Non-inter-level travel time spent in this place.
 C = Inter-level travel time spent in this place.
 D = Time resting spent in this place.
 E = Time spent auto-exploring this place.
 F = Levels seen in this place.
 G = Mean time per level.
                   A        B        C        D        E       F      G
               +--------+--------+--------+--------+--------+-----+--------+
         Total |  11253 |  11090 |    163 |   1246 |   7811 |  11 | 1023.0 |
       Dungeon |  11230 |  11073 |    157 |   1246 |   7811 |  10 | 1123.0 |
        Temple |     23 |     17 |      6 |      0 |      0 |   1 |   23.0 |
               +--------+--------+--------+--------+--------+-----+--------+

Top non-repeatable levels by time:
     D:6: 2499 daAuts
     D:4: 1232 daAuts
     D:8: 1179 daAuts
     D:2: 1129 daAuts
     D:7: 1050 daAuts
     D:9: 1040 daAuts
     D:3: 1024 daAuts
     D:5: 912 daAuts
     D:1: 808 daAuts
    D:10: 352 daAuts
  Temple: 23 daAuts
